 Dungeon Sprint DCSS version 0.19-a0-97-g21dea92 (webtiles) character file.

64565 Kidiri the Imperceptible (level 13, -3/71 HPs)
             Began as a Spriggan Enchanter on May 16, 2016.
             Was the Champion of Dithmenos.
             Shot with an arrow by a deep elf master archer (33 damage)
             ... in the Dungeon (Sprint III: "The Ten Rune Challenge").
             The game lasted 00:27:05 (4061 turns).

Kidiri the Imperceptible (Spriggan Enchanter)       Turns: 4061, Time: 00:27:07

Health: -3/71      AC:  9    Str:  6    XL:     13   Next: 53%
Magic:  21/35      EV: 37    Int: 18    God:    Dithmenos [******]
Gold:   2345       SH: 11    Dex: 22    Spells: 8 memorised, 16 levels left

rFire  + . .     SeeInvis +     m - +4 dagger (holy)
rCold  . . .     Gourm    .     t - +0 robe {Archmagi}
rNeg   . . .     Faith    .     c - +2 buckler of the Hot Ocelot {rF+ Regen+}
rPois  .         Spirit   .     x - +2 hat
rElec  .         Dismiss  .     (no cloak)
rCorr  .         Reflect  +     (gloves unavailable)
SustAt .         Harm     .     (boots unavailable)
MR     ++...     NoTele   +     B - +2 amulet of reflection
Stlth  ++++++++++               z - ring of flight
                                C - +4 ring of dexterity

@: wreathed by umbra, studying Spellcasting, very quick, very resistant to
hostile enchantments, uncannily stealthy
A: unfitting armour, claws 1, iridescent scales 1, rugged brown scales 1, see
invisible, blink, clumsy 1, herbivore 3, speed 3, slow metabolism 2, strong 1
a: Blink, Shadow Step, Shadow Form, Renounce Religion, Evoke Flight
}: 2/10 runes: serpentine, barnacled


You were in the Dungeon.
You worshipped Dithmenos.
Dithmenos was exalted by your worship.
You were not hungry.

You visited 1 branch You collected 5633 gold pieces.
You spent 3288 gold pieces at shops.

Inventory:

Hand Weapons
 a - a +1 dagger of venom
 m - a +4 dagger of holy wrath (weapon)
Armour
 b - a +2 robe of resistance
 c - the +2 buckler of the Hot Ocelot (worn) {rF+ Regen+}
   (You bought it in a shop in the Dungeon)

   It protects you from fire.
   It increases your rate of regeneration.
 d - a +0 robe of fire resistance
 t - a +0 robe of the Archmagi (worn)
 x - a +2 hat (worn)
Jewellery
 v - an uncursed ring of protection from magic
 z - a ring of flight (right claw)
 A - an uncursed ring of resist corrosion
 B - a +2 amulet of reflection (around neck)
 C - a +4 ring of dexterity (left claw)
Wands
 k - a wand of confusion (30/48)
Scrolls
 j - a scroll of blinking
 l - a scroll of holy word
 n - a scroll of remove curse
 r - a scroll of immolation {unknown}
Potions
 e - 3 potions of curing
 f - a potion of berserk rage
 g - a potion of haste
 i - a potion of might
 p - a potion of brilliance
 q - 2 potions of flight
 u - a potion of lignification {unknown}
 w - a potion of resistance {unknown}
Books
 h - a book of Power

   Spells                             Type                      Level
   a - Fulminant Prism                Conjuration/Hexes            4
   b - Iskenderun's Mystic Blast      Conjuration                  4
   c - Venom Bolt                     Conjuration/Poison           5
   d - Bolt of Magma                  Conjuration/Fire/Earth       5
   e - Iron Shot                      Conjuration/Earth            6
   f - Orb of Destruction             Conjuration                  7
   g - Spellforged Servitor           Conjuration/Summoning        7
 y - a manual of Spellcasting
Comestibles
 o - 9 fruits
 s - 29 royal jellies


   Skills:
 + Level 8.7 Fighting
 * Level 15.5 Short Blades
 + Level 8.0 Armour
 * Level 19.8 Dodging
 * Level 21.1 Stealth
 + Level 1.3 Shields
 * Level 17.4 Spellcasting
 + Level 7.9 Conjurations
 + Level 12.7 Hexes
 + Level 8.6 Ice Magic
 + Level 1.5 Earth Magic
 + Level 2.0 Poison Magic
 - Level 3.0 Invocations
 + Level 2.5 Evocations


You had 16 spell levels left.
You knew the following spells:

 Your Spells              Type           Power        Failure   Level  Hunger
a - Corona                Hex            #######      1%          1    None
b - Ensorcelled Hibernat  Hex/Ice        ######       1%          2    None
c - Confuse               Hex            #######.     1%          3    None
d - Tukima's Dance        Hex            #######.     1%          3    None
e - Dazzling Spray        Conj/Hex       ######       1%          3    None
f - Venom Bolt            Conj/Pois      ######....   24%         5    ###....
g - Iron Shot             Conj/Erth      #####.....   95%         6    #####..
h - Orb of Destruction    Conj           ######....   99%         7    ######.


Dungeon Overview and Level Annotations

Branches:
Dungeon (1/1)

Altars:
Cheibriados
Dithmenos
Elyvilon
Fedhas
Gozag
Kikubaaqudgha
Makhleb
Nemelex Xobeh
Okawaru
Pakellas
Qazlal
Ru
Sif Muna
Trog
Vehumet
Xom
Yredelemnul
Zin
The Shining One
Jiyva
Lugonu

Shops:
D [!}=![:

Annotations:
D exclusion: 2 doors


Innate Abilities, Weirdness & Mutations

You are tiny and cannot use many weapons and most armour.
You have supernaturally acute eyesight.
You are a herbivore.
You cover ground extremely quickly.
You need consume almost no food.
You have sharp fingernails.
You are partially covered in iridescent scales (AC +4).
You are partially covered in rugged brown scales (AC +1, +3% HP).
You can translocate small distances at will.
You are clumsy. (Dex -2)
Your muscles are strong. (Str +2)


Message History

Press: ? - help, Shift-Dir - straight line, f/p - deep elf master archer
Aim: a deep elf master archer, wielding a longbow and wearing a glowing chain mail (moderately wounded, umbra)
You feel a surge of power!
The spray of energy hits the deep elf master archer.
The deep elf master archer is moderately wounded.
The deep elf master archer shoots an arrow.
The arrow hits you!
Casting: Dazzling Spray
Confirm with . or Enter, or press ? or * to list all spells.
Aiming: Dazzling Spray
Press: ? - help, Shift-Dir - straight line, f/p - deep elf master archer
Aim: a deep elf master archer, wielding a longbow and wearing a glowing chain mail (moderately wounded, umbra)
You feel a surge of power!
The spray of energy hits the deep elf master archer.
The deep elf master archer is moderately wounded.
The deep elf master archer shoots an arrow.
The arrow hits you!!
You emit a cloud of dark smoke.
The deep elf master archer shoots an arrow.
The arrow hits you!!
You die...

▓▓▓▓▓▓▓▓▓▓▓▓ #.##..#.#..#######
####### ##....#.#..'.#...#
..[.'..
#.).)......#.#.((##≈≈≈≈##.
#..).....###.#)§§§≈≈ee..(e
#..))....#.#.#(§@##≈≈≈≈##.
#.#∩...#..##.'.§§# .[..'..
#.###.#.##.####### #######
#'###########################
#..≈[§+.#.+...+.#.#.#.+...≈≈#
#.#§§)#.#.#...##.#.#.##...≈≈###
'.#§§.#.#.#...#.#.#.#.#...≈≈≈≈#
#.#§§§#...#.(.##.#.#.##...≈≈≈≈#
▓▓▓▓▓▓▓▓▓▓▓▓▓▓#.#.#.#.#.......#


You could see a deep elf master archer and a deep elf death mage.

Vanquished Creatures
  Rupert (D)
  Polyphemus (D)
  Gastronok (D)
  A greater naga (D)
  Ilsuiw (D)
  Maud (D)
  A deep elf demonologist (D)
  2 dire elephants (D)
  A merfolk javelineer (D)
  Josephine (D)
  A naga warrior (D)
  A centaur warrior (D)
  3 orc high priests (D)
  4 death yaks (D)
  2 deep elf knights (D)
  A spriggan druid (D)
  A death drake (D)
  A sea snake (D)
  2 unseen horrors (D)
  A lindwurm (D)
  6 deep elf magi (D)
  6 black mambas (D)
  2 elephants (D)
  A guardian serpent (D)
  2 spiny frogs (D)
  A rime drake (D)
  A komodo dragon (D)
  3 wandering mushrooms (D)
  2 giant leeches (D)
  8 blink frogs (D)
  2 spriggans (D)
  3 redbacks (D)
  A shadow (D)
  A spatial vortex (D)
  2 nagas (D)
  6 water moccasins (D)
  2 orc warriors (D)
  A swamp drake (D)
  A necrophage (D)
  2 centaurs (D)
  An earth elemental (D)
  A water elemental (D)
  32 killer bees (D)
  An electric eel (D)
  A wizard (D)
  An orc priest (D)
  A jelly (D)
  Jessica (D)
  A necromancer (D)
  An orc wizard (D)
  3 sheep (D)
  3 humans (D)
  A kobold demonologist (D)
  6 adders (D)
  A phantom (D)
  9 orcs (D)
  A goblin (D)
  3 rats (D)
  A giant spore (D)
150 creatures vanquished.

Vanquished Creatures (collateral kills)
  An orc knight (D)
1 creature vanquished.

Vanquished Creatures (others)
  2 draconian scorchers (D)
  2 hydras (D)
  3 yaktaurs (D)
  A queen bee (D)
  7 plants (D)
15 creatures vanquished.

Grand Total: 166 creatures vanquished

Notes
Turn   | Place    | Note
--------------------------------------------------------------
     0 | D        | Kidiri the Spriggan Enchanter began the quest for the Orb.
     0 | D        | Reached XP level 1. HP: 9/9 MP: 5/5
    12 | D        | Noticed Jessica
    15 | D        | Killed Jessica
    15 | D        | Reached skill level 1 in Fighting
    15 | D        | Reached skill level 6 in Stealth
    15 | D        | Reached XP level 2. HP: 14/14 MP: 6/8
    22 | D        | Learned a level 2 spell: Ensorcelled Hibernation
    53 | D        | Reached skill level 1 in Armour
    53 | D        | Reached skill level 5 in Dodging
    53 | D        | Reached XP level 3. HP: 18/18 MP: 6/9
    58 | D        | Learned a level 3 spell: Confuse
    62 | D        | Learned a level 3 spell: Dazzling Spray
   106 | D        | Gained mutation: You are clumsy. (Dex -2) [potion of mutation]
   106 | D        | Gained mutation: You are partially covered in iridescent scales (AC +4). [potion of mutation]
   106 | D        | Gained mutation: You are frail (-10% HP). [potion of mutation]
   107 | D        | Gained mutation: You are partially covered in rugged brown scales (AC +1, +3% HP). [potion of mutation]
   107 | D        | Lost mutation: You are frail (-10% HP). [potion of mutation]
   108 | D        | Gained mutation: You have sharp fingernails. [potion of mutation]
   108 | D        | Gained mutation: Your muscles are strong. (Str +2) [potion of mutation]
   108 | D        | Gained mutation: You can translocate small distances at will. [potion of mutation]
   140 | D        | Noticed a water elemental
   143 | D        | Killed a water elemental
   143 | D        | Reached skill level 7 in Stealth
   143 | D        | Reached skill level 5 in Spellcasting
   143 | D        | Reached skill level 1 in Ice Magic
   143 | D        | Reached XP level 4. HP: 23/23 MP: 12/12
   155 | D        | Learned a level 3 spell: Tukima's Dance
   157 | D        | Noticed a shadow
   190 | D        | Killed a shadow
   190 | D        | Reached skill level 5 in Short Blades
   190 | D        | Reached skill level 8 in Stealth
   190 | D        | Reached skill level 1 in Conjurations
   190 | D        | Reached skill level 5 in Hexes
   190 | D        | Reached XP level 5. HP: 27/27 MP: 2/14
   230 | D        | Killed a white draconian scorcher
   240 | D        | Killed a white draconian scorcher
   288 | D        | Reached skill level 9 in Stealth
   288 | D        | Reached XP level 6. HP: 32/32 MP: 14/16
   303 | D        | Found an oddly glowing altar of Pakellas.
   303 | D        | Found a stormy altar of Qazlal.
   304 | D        | Found a sacrificial altar of Ru.
   304 | D        | Found a burning altar of Makhleb.
   304 | D        | Found a viscous altar of Jiyva.
   304 | D        | Found a shimmering altar of Xom.
   304 | D        | Found a shadowy altar of Dithmenos.
   304 | D        | Found a sparkling altar of Nemelex Xobeh.
   304 | D        | Found a corrupted altar of Lugonu.
   304 | D        | Found an opulent altar of Gozag.
   304 | D        | Noticed a spatial vortex
   308 | D        | Became a worshipper of Dithmenos the Shadowed
   327 | D        | Killed a spatial vortex
   327 | D        | Reached skill level 1 in Invocations
   448 | D        | Found a radiant altar of Vehumet.
   449 | D        | Found a deep blue altar of Sif Muna.
   449 | D        | Found an ancient bone altar of Kikubaaqudgha.
   475 | D        | Found a glowing silver altar of Zin.
   476 | D        | Found a glowing golden altar of the Shining One.
   476 | D        | Found a white marble altar of Elyvilon.
   476 | D        | Noticed a deep elf mage
   478 | D        | Killed a deep elf mage
   478 | D        | Reached * piety under Dithmenos
   478 | D        | Reached skill level 10 in Dodging
   478 | D        | Reached skill level 11 in Stealth
   478 | D        | Reached XP level 7. HP: 37/37 MP: 18/20
   489 | D        | Found an iron altar of Okawaru.
   490 | D        | Found a bloodstained altar of Trog.
   490 | D        | Noticed a human
   490 | D        | Noticed a human
   492 | D        | Killed a human
   493 | D        | Killed a human
   493 | D        | Reached ** piety under Dithmenos
   493 | D        | Reached XP level 8. HP: 43/43 MP: 20/22
   507 | D        | Found a snail-covered altar of Cheibriados.
   528 | D        | Found a basalt altar of Yredelemnul.
   528 | D        | Found a blossoming altar of Fedhas.
   649 | D        | Noticed Josephine
   651 | D        | Killed Josephine
   651 | D        | Reached skill level 12 in Stealth
   651 | D        | Reached skill level 10 in Spellcasting
   651 | D        | Reached XP level 9. HP: 47/47 MP: 22/24
   677 | D        | Noticed a centaur warrior
   682 | D        | Reached *** piety under Dithmenos
   684 | D        | Reached skill level 13 in Stealth
   689 | D        | Killed a yaktaur
   700 | D        | Killed a centaur warrior
   700 | D        | Reached skill level 5 in Fighting
   732 | D        | Noticed an unseen horror
   732 | D        | Noticed an unseen horror
   733 | D        | Killed an unseen horror
   733 | D        | Reached skill level 14 in Stealth
   738 | D        | Killed an unseen horror
   738 | D        | Reached skill level 10 in Short Blades
   738 | D        | Reached XP level 10. HP: 43/52 MP: 15/26
   799 | D        | Reached **** piety under Dithmenos
   799 | D        | Reached skill level 5 in Ice Magic
   817 | D        | Reached ***** piety under Dithmenos
   988 | D        | Reached ****** piety under Dithmenos
  1002 | D        | Reached skill level 15 in Stealth
  1012 | D        | Reached skill level 5 in Armour
  1175 | D        | Killed a four-headed hydra
  1184 | D        | Killed a seven-headed hydra
  1303 | D        | Reached skill level 5 in Conjurations
  1360 | D        | Noticed a spiny frog
  1360 | D        | Noticed a spiny frog
  1363 | D        | Killed a spiny frog
  1365 | D        | Killed a spiny frog
  1589 | D        | Noticed a lindwurm
  1592 | D        | Killed a lindwurm
  1592 | D        | Reached skill level 15 in Dodging
  1592 | D        | Reached skill level 16 in Stealth
  1592 | D        | Reached XP level 11. HP: 57/57 MP: 26/28
  1601 | D        | Noticed Maud
  1603 | D        | Killed Maud
  1621 | D        | Noticed a death drake
  1624 | D        | Killed a death drake
  1624 | D        | Reached skill level 10 in Hexes
  1631 | D        | Found a blossoming altar of Fedhas.
  1631 | D        | Noticed a spriggan druid
  1634 | D        | Killed a spriggan druid
  1708 | D        | Reached skill level 17 in Stealth
  1820 | D        | Noticed a naga warrior
  1820 | D        | Noticed a greater naga
  1820 | D        | Found Cukhlydaed's Jewellery Shop.
  1820 | D        | Found Hestruplu's Distillery.
  1823 | D        | Found Urieddir's Antique Armour Boutique.
  1824 | D        | Killed a greater naga
  1825 | D        | Killed a naga warrior
  1840 | D        | Reached skill level 18 in Stealth
  1841 | D        | Got a serpentine rune of Zot
  1924 | D        | Reached XP level 12. HP: 64/64 MP: 31/31
  1979 | D        | Noticed Rupert
  1984 | D        | Killed Rupert
  1984 | D        | Reached skill level 15 in Spellcasting
  2008 | D        | Noticed a death yak
  2009 | D        | Noticed a death yak
  2010 | D        | Noticed an azure jelly
  2010 | D        | Noticed a death yak
  2010 | D        | Noticed an azure jelly
  2010 | D        | Noticed a death yak
  2020 | D        | Killed a death yak
  2024 | D        | Killed a death yak
  2245 | D        | Reached skill level 19 in Stealth
  2248 | D        | Killed a death yak
  2256 | D        | Killed a death yak
  2410 | D        | Noticed Polyphemus
  2411 | D        | Noticed Ilsuiw
  2426 | D        | Killed Polyphemus
  2488 | D        | Killed Ilsuiw
  2517 | D        | Found Cutiyrorch's Antique Armour Shoppe.
  2517 | D        | Found Koobriex's Distillery.
  2517 | D        | Found Echuedwu's Gadget Emporium.
  2517 | D        | Noticed a merfolk javelineer
  2528 | D        | Killed a merfolk javelineer
  2539 | D        | Got a barnacled rune of Zot
  2615 | D        | Noticed an azure jelly
  2615 | D        | Noticed an azure jelly
  2616 | D        | Noticed a dire elephant
  2616 | D        | Noticed a dire elephant
  2616 | D        | Noticed Gastronok
  2618 | D        | Killed Gastronok
  2618 | D        | Reached skill level 20 in Stealth
  2618 | D        | Reached XP level 13. HP: 70/70 MP: 34/34
  2628 | D        | Killed a dire elephant
  2631 | D        | Killed a dire elephant
  2634 | D        | Reached skill level 15 in Short Blades
  2746 | D        | Found Juxirr's Book Emporium.
  3280 | D        | Bought a heavily runed buckler for 218 gold pieces
  3285 | D        | Identified the +2 buckler of the Hot Ocelot {rF+ Regen+} (You bought it in a shop in the Dungeon)
  3469 | D        | Bought a book of Power for 630 gold pieces
  3469 | D        | Bought a manual of Spellcasting for 1545 gold pieces
  3475 | D        | Learned a level 5 spell: Venom Bolt
  3482 | D        | Learned a level 6 spell: Iron Shot
  3490 | D        | Learned a level 7 spell: Orb of Destruction
  3619 | D        | Bought an uncursed ring of flight for 175 gold pieces
  3619 | D        | Bought an uncursed ring of resist corrosion for 200 gold pieces
  3619 | D        | Bought a +2 amulet of reflection for 250 gold pieces
  3619 | D        | Bought a +4 ring of dexterity for 270 gold pieces
  3764 | D        | Noticed a deep elf annihilator
  3770 | D        | Reached skill level 1 in Evocations
  3773 | D        | Reached skill level 1 in Poison Magic
  3775 | D        | Reached skill level 1 in Earth Magic
  3778 | D        | Reached skill level 1 in Shields
  3780 | D        | Noticed a deep elf demonologist
  3829 | D        | Reached skill level 21 in Stealth
  3830 | D        | Noticed a deep elf death mage
  3847 | D        | Noticed a deep elf master archer
  3867 | D        | Killed a deep elf death mage
  3869 | D        | Killed a deep elf demonologist
  3883 | D        | Noticed a deep elf death mage
  4061 | D        | Shot with an arrow by a deep elf master archer

Vault maps used:
D:        dungeon_sprint_mu

Skill      XL: |  1  2  3  4  5  6  7  8  9 10 11 12 13 |
---------------+----------------------------------------+-----
Spellcasting   | 4 5 6 8 9 10 11 12 14 16 17 | 17.4
Fighting       | 1 2 3 4 5 6 7 8 |  8.7
Short Blades   | 2 3 4 5 7 8 10 11 13 14 15 | 15.5
Dodging        | 4 5 6 7 10 11 13 15 16 18 19 | 19.8
Stealth        | 6 7 8 9 11 12 14 16 18 20 21 | 21.1
Hexes          | 4 5 6 7 8 9 10 12 | 12.7
Armour         | 1 2 3 4 5 6 7 8 |  8.0
Ice Magic      | 1 2 3 4 5 7 8 |  8.6
Conjurations   | 1 2 3 4 5 6 7 |  7.9
Invocations    | 2 3 |  3.0
Evocations     | 2 |  2.5
Poison Magic   | 2 |  2.0
Earth Magic    | 1 |  1.5
Shields        | 1 |  1.3

Action                   |  1- 3 |  4- 6 |  7- 9 | 10-12 | 13-15 || total
-------------------------+-------+-------+-------+-------+-------++-------
Melee: Dagger            |     7 |    22 |    26 |   127 |    46 ||   228
 Cast: Ensorcelled Hiber |     1 |       |     8 |    45 |     5 ||    59
       Dazzling Spray    |       |     9 |     2 |    28 |    40 ||    79
       Confuse           |       |       |     5 |    13 |       ||    18
       Tukima's Dance    |       |       |       |       |     1 ||     1
Invok: Shadow Step       |       |       |       |    14 |     1 ||    15
 Abil: Evoke Flight      |       |       |       |       |     1 ||     1
  Use: Potion            |     3 |     2 |       |     1 |     3 ||     9
       Scroll            |     3 |       |       |       |     1 ||     4
 Stab: Sleeping          |     7 |     4 |     8 |    75 |     7 ||   101
       Confused          |       |       |     2 |    10 |       ||    12
       Invisible         |       |       |       |     6 |     9 ||    15
  Eat: Bread ration      |       |       |       |     1 |       ||     1
Armor: Robe              |       |     3 |     1 |     3 |     1 ||     8
Dodge: Dodged            |       |     6 |    23 |    74 |    45 ||   148
Block: Buckler           |       |       |       |       |     6 ||     6
       Reflection        |       |       |       |       |     3 ||     3
